[Event "Titled Tuesday Blitz August 22 Late 2023"]
[White "Arias, Juan Cruz"]
[Black "Makarian, Rudik"]
[WhiteFideId "118540"]
[BlackFideId "44105681"]
[WhiteElo "2657"]
[BlackElo "2930"]
[Result "1-0"]
[Round "3"]
[TimeControl "180+1"]
[Date "2023.08.22"]
[WhiteClock "0:00:18"]
[BlackClock "0:00:03"]
[Board "28"]

1. d4 Nf6 2. Nf3 c5 3. e3 d5 4. c3 cxd4 5. exd4 Nc6 6. Bf4 Bf5 7. Qb3 Qc8 8. Nbd2 e6 9. Nh4 Bg6 10. Nxg6 hxg6 11. Be2 Be7 12. O-O Bd8 13. Rac1 Bc7 14. Bg3 Bxg3 15. hxg3 Qd7 16. Nf3 Ne4 17. c4 O-O 18. cxd5 Qxd5 19. Bc4 Qd6 20. Rfd1 Na5 21. Qa4 Nxc4 22. Qxc4 Qb6 23. Qe2 Nf6 24. Ne5 Rfd8 25. b3 Rxd4 26. Rxd4 Qxd4 27. Rd1 Qc3 28. Qb5 Rf8 29. Nf3 b6 30. Qe2 Rc8 31. Ne5 g5 32. Nc4 Rf8 33. Ne5 g6 34. Nc4 Kg7 35. Rd3 Qb4 36. Qe5 Qc5 37. Qb2 e5 38. Nxe5 Rc8 39. Nc4 b5 40. Rd6 bxc4 41. Qxf6+ Kg8 42. Rd7 Rf8 43. bxc4 Qxc4 44. Rxa7 g4 45. a4 Re8 46. Kh2 Qd5 47. Re7 Ra8 48. a5 Qh5+ 49. Kg1 Qd5 50. a6 Rc8 51. a7 Ra8 52. Kh2 Qh5+ 53. Qh4 Qxh4+ 54. gxh4 Kg7 55. Rb7 Kf6 56. Kg3 Ke6 57. Kxg4 Kf6 58. Kf4 Ke6 59. g4 f6 60. h5 gxh5 61. gxh5 Kd6 62. Kf5 Kc6 63. Rf7 Rh8 64. h6 Kb6 65. h7 Ka6 66. Kxf6 Kb6 67. Kg7 Rc8 68. h8=Q Rc1 69. Qb8+ 1-0


[Site "https://www.chess.com"]

[Event "Titled Tuesday Blitz August 22 Late 2023"]
[White "Thomforde-Toates, Noah"]
[Black "Mikaelyan, Arman"]
[WhiteFideId "30951992"]
[BlackFideId "13304852"]
[WhiteElo "2624"]
[BlackElo "2925"]
[Result "1/2-1/2"]
[Round "3"]
[TimeControl "180+1"]
[Date "2023.08.22"]
[WhiteClock "0:00:08"]
[BlackClock "0:00:02"]
[Board "29"]

1. e4 h6 2. d4 e6 3. Nf3 d5 4. Nbd2 Be7 5. exd5 exd5 6. Bd3 Nf6 7. O-O O-O 8. h3 c5 9. dxc5 Bxc5 10. Nb3 Bb6 11. Re1 Nc6 12. Be3 Be6 13. Bxb6 Qxb6 14. c3 Rfe8 15. Qd2 Ne4 16. Qe3 Qxe3 17. Rxe3 Bf5 18. Nfd4 Nxd4 19. Nxd4 Bg6 20. Rae1 Kf8 21. Bb5 Red8 22. f3 Nd6 23. Re7 a6 24. Bf1 Rac8 25. R7e5 Rc5 26. Kf2 Re8 27. Nb3 Rcc8 28. Rxd5 Rxe1 29. Kxe1 Nf5 30. Kf2 Ke7 31. Rd2 Nd6 32. Nd4 b5 33. g4 Bb1 34. a3 Ba2 35. Bd3 Bc4 36. Nf5+ Nxf5 37. Bxf5 Rc7 38. Ke3 g6 39. Bc2 g5 40. Rd4 Be6 41. f4 gxf4+ 42. Kxf4 Rc5 43. Be4 Rc7 44. h4 f6 45. Bf5 Bf7 46. Re4+ Kf8 47. Be6 Bg6 48. Rd4 Ke7 49. Bb3 Rc5 50. a4 Be8 51. a5 Bc6 52. Bc2 Re5 53. Be4 Bd7 54. Rd5 Be6 55. Rxe5 fxe5+ 56. Kxe5 Bxg4 57. Bb7 Kd7 58. Be4 Kc7 59. Kf6 Kd6 60. b4 Be2 61. Bb7 h5 62. Bxa6 Kc7 63. Kg5 Kb8 64. Bxb5 Bxb5 65. Kxh5 Kc7 66. Kg6 Kd8 67. Kg7 Be2 68. Kg6 Ke7 69. h5 Kf8 70. h6 Kg8 71. Kf6 Kh7 72. Ke6 Kxh6 73. Kd6 Kg7 74. Kc6 Kf7 75. b5 Ke7 76. a6 Kd8 77. c4 Kc8 78. a7 Bf3+ 79. Kb6 Be4 80. c5 Bb7 81. c6 Ba8 82. Kc5 Kc7 83. b6+ Kc8 84. Kd6 Bb7 85. Kc5 Ba8 86. Kb5 Bb7 87. a8=Q+ Bxa8 88. Ka6 Bxc6 89. Ka7 Bb7 1/2-1/2


[Site "https://www.chess.com"]

[Event "Titled Tuesday Blitz August 22 Late 2023"]
[White "Sanal, Vahap"]
[Black "Dobrikov, Marco"]
[WhiteFideId "6300545"]
[BlackFideId "12950378"]
[WhiteElo "2919"]
[BlackElo "2590"]
[Result "1-0"]
[Round "3"]
[TimeControl "180+1"]
[Date "2023.08.22"]
[WhiteClock "0:00:47"]
[BlackClock "0:00:36"]
[Board "31"]

1. b3 b6 2. Bb2 Bb7 3. e3 e6 4. Nf3 Nf6 5. c4 c5 6. Be2 Be7 7. O-O O-O 8. d4 d5 9. dxc5 bxc5 10. Nc3 Nbd7 11. Rc1 Nb6 12. Qc2 a5 13. Rfd1 Qb8 14. cxd5 exd5 15. Nh4 Re8 16. Nf5 Bf8 17. Bf3 a4 18. Nxa4 Nxa4 19. Bxf6 gxf6 20. bxa4 Re5 21. Rb1 Qc7 22. Ng3 Bc6 23. Nh5 Bxa4 24. Nxf6+ Kg7 25. Qxh7+ Kxf6 26. Qh8+ Ke7 27. Rb7 Qxb7 28. Qxe5+ Kd8 29. Rxd5+ Bd7 30. Qf6+ Be7 31. Qh8+ Kc7 32. Rxd7+ Kxd7 33. Qh3+ Kc7 34. Bxb7 Rxa2 35. Qc8+ Kb6 36. g3 Ra4 37. Qc6+ Ka5 38. Qc7+ Kb4 39. Qxe7 Ra7 40. h4 Kb5 41. h5 c4 42. h6 c3 43. Bc6+ Kb6 44. Qxa7+ Kxa7 45. Be4 f5 46. Bc2 1-0


[Site "https://www.chess.com"]

[Event "Titled Tuesday Blitz August 22 Late 2023"]
[White "Kozusek, Daniel"]
[Black "Quesada Perez, Yasser"]
[WhiteFideId "349500"]
[BlackFideId "3509362"]
[WhiteElo "2578"]
[BlackElo "2917"]
[Result "1-0"]
[Round "3"]
[TimeControl "180+1"]
[Date "2023.08.22"]
[WhiteClock "0:00:07"]
[BlackClock "0:00:19"]
[Board "32"]

1. d4 Nf6 2. c4 e6 3. Nf3 d5 4. Nc3 Bb4 5. Qa4+ Nc6 6. e3 O-O 7. Qc2 Re8 8. Bd2 Bd6 9. cxd5 exd5 10. a3 a6 11. h3 Ne7 12. Bd3 Ng6 13. O-O c6 14. b4 Bc7 15. a4 Qd6 16. b5 Nh4 17. Ne5 g6 18. bxc6 bxc6 19. Bc1 Bf5 20. Ba3 Qe6 21. f4 Bxd3 22. Qxd3 Ba5 23. Rac1 Rec8 24. Rc2 Bxc3 25. Rxc3 Ne4 26. Rc2 f6 27. Nf3 Nf5 28. Rfc1 a5 29. Rb2 Rab8 30. Rcb1 Rxb2 31. Rxb2 Ned6 32. Bxd6 Nxd6 33. Re2 Rb8 34. Qc3 Nc4 35. Nd2 Rb2 36. Qd3 Nd6 37. Nb3 Rxe2 38. Qxe2 Nc4 39. Kf2 Qe4 40. Nd2 Qe6 41. Nxc4 dxc4 42. Qc2 Qd5 43. Qc3 f5 44. Qc2 Kg7 45. Qc3 h5 46. h4 Kh7 47. Qc2 c5 48. Qc3 cxd4 49. Qxd4 Qc6 50. Qc3 Qc5 51. Kf3 Kg8 52. Qf6 c3 53. Qxg6+ Kf8 54. Qf6+ Ke8 55. Qe6+ Kd8 56. Qg8+ Kc7 57. Qf7+ Kd6 58. Qf6+ Kd5 59. Qxf5+ Kc4 60. Qxc5+ Kxc5 61. Ke2 Kc4 62. Kd1 Kb3 63. Kc1 Kxa4 64. f5 Kb3 65. f6 a4 66. f7 a3 67. f8=Q a2 68. Qb8+ Kc4 69. Qa7 Kd3 70. Qxa2 Ke4 71. Qc2+ 1-0


[Site "https://www.chess.com"]

[Event "Titled Tuesday Blitz August 22 Late 2023"]
[White "Rasulov, Vugar"]
[Black "Chor, Kevin"]
[WhiteFideId "13402390"]
[BlackFideId "2090740"]
[WhiteElo "2900"]
[BlackElo "2577"]
[Result "1-0"]
[Round "3"]
[TimeControl "180+1"]
[Date "2023.08.22"]
[WhiteClock "0:00:33"]
[BlackClock "0:00:05"]
[Board "33"]

1. Nf3 Nf6 2. c4 g6 3. g3 Bg7 4. Bg2 O-O 5. O-O c5 6. Nc3 Nc6 7. d3 d6 8. a3 Rb8 9. Rb1 Ne8 10. Bg5 h6 11. Bd2 a5 12. Nb5 Nc7 13. Nxc7 Qxc7 14. b4 axb4 15. axb4 b6 16. Qc1 Kh7 17. h4 Bg4 18. Re1 Rfc8 19. Nh2 Bd7 20. h5 cxb4 21. hxg6+ fxg6 22. Be4 Bf5 23. Bxf5 gxf5 24. Nf3 b5 25. Kg2 Ne5 26. Rh1 Ng4 27. Rxb4 bxc4 28. Rxc4 Qb7 29. Bf4 e5 30. Bd2 e4 31. dxe4 fxe4 32. Ng5+ Kg6 33. Nxe4 d5 34. Bxh6 Bxh6 35. Rxh6+ Nxh6 36. Qg5+ Kf7 37. Nd6+ Ke6 38. Qxh6+ Ke5 39. f4# 1-0


[Site "https://www.chess.com"]

[Event "Titled Tuesday Blitz August 22 Late 2023"]
[White "Grigorjev, Iljya"]
[Black "Siniauski, Artsiom"]
[WhiteFideId "24159565"]
[BlackFideId "13512269"]
[WhiteElo "2895"]
[BlackElo "2570"]
[Result "1-0"]
[Round "3"]
[TimeControl "180+1"]
[Date "2023.08.22"]
[WhiteClock "0:00:12"]
[BlackClock "0:00:06"]
[Board "34"]

1. e4 e6 2. d4 d5 3. Nc3 Nf6 4. Bg5 Bb4 5. e5 h6 6. Bd2 Bxc3 7. bxc3 Ne4 8. Bc1 b6 9. Ne2 Ba6 10. f3 Ng5 11. h4 Nh7 12. Nf4 Bxf1 13. Kxf1 c5 14. Be3 Qc7 15. g4 Nc6 16. Qe2 g6 17. a4 Nf8 18. Kg2 Nd7 19. Nd3 cxd4 20. cxd4 Na5 21. f4 h5 22. f5 hxg4 23. fxe6 fxe6 24. Nf4 Nf8 25. Bd2 Nc4 26. Bb4 Qc6 27. a5 bxa5 28. Bc5 Rb8 29. Rab1 Rxb1 30. Rxb1 Nd7 31. Bd6 Kf7 32. Rf1 Ke8 33. Nxe6 Rxh4 34. Qf2 Rh7 35. Nf8 Rg7 36. Ne6 Rh7 37. Nc5 Rg7 38. Qf8+ Nxf8 39. Rxf8# 1-0


[Site "https://www.chess.com"]

[Event "Titled Tuesday Blitz August 22 Late 2023"]
[White "Kravtsiv, Martyn"]
[Black "Przybylski, Wojciech"]
[WhiteFideId "14113147"]
[BlackFideId "1117599"]
[WhiteElo "2890"]
[BlackElo "2568"]
[Result "1-0"]
[Round "3"]
[TimeControl "180+1"]
[Date "2023.08.22"]
[WhiteClock "0:02:14"]
[BlackClock "0:01:28"]
[Board "35"]

1. e4 e5 2. Nf3 Nc6 3. Nc3 Nf6 4. a4 Be7 5. Bb5 O-O 6. O-O d6 7. Bxc6 bxc6 8. d4 exd4 9. Nxd4 Bd7 10. Qf3 g6 11. e5 Bg4 12. Qg3 dxe5 13. Nxc6 Qd6 14. Nxe7+ Qxe7 15. Bg5 Be6 16. Qh4 Kg7 17. Ne4 1-0


[Site "https://www.chess.com"]

[Event "Titled Tuesday Blitz August 22 Late 2023"]
[White "brm72"]
[Black "Elsa167"]
[WhiteElo "2564"]
[BlackElo "2887"]
[Result "0-1"]
[Round "3"]
[TimeControl "180+1"]
[Date "2023.08.22"]
[WhiteClock "0:00:01"]
[BlackClock "0:00:06"]
[Board "36"]

1. e4 e6 2. d4 d5 3. e5 c5 4. c3 Nc6 5. Nf3 Qb6 6. Bd3 Bd7 7. dxc5 Qc7 8. O-O Bxc5 9. Re1 Nge7 10. b4 Bb6 11. a4 a6 12. Na3 Ng6 13. Qe2 O-O 14. h4 f6 15. Bxg6 hxg6 16. Be3 fxe5 17. Bxb6 Qxb6 18. a5 Qa7 19. c4 Nd4 20. Nxd4 Qxd4 21. g3 e4 22. Rad1 Qc3 23. Qe3 Qxb4 24. cxd5 Rf3 25. Nc2 Rxe3 26. Nxb4 Rxe1+ 27. Rxe1 exd5 28. Nxd5 Re8 29. Nc3 Bc6 30. Kf1 Re5 31. Ra1 Rc5 32. Ra3 Kf7 33. Ke2 Ke6 34. Ke3 Ke5 35. Ne2 Rc2 36. Nf4 Kf5 37. Ne2 Rb2 38. Nd4+ Ke5 39. Ne2 Bb5 40. Nf4 Kf5 41. Rc3 Ra2 42. Rc5+ Kf6 43. Kxe4 Ra4+ 44. Ke3 Rxa5 45. Rg5 Ra3+ 46. Kd4 Be8 47. Nd5+ Kf7 48. f4 Bc6 49. Nc7 Ra1 50. h5 Rd1+ 51. Kc5 gxh5 52. Rxh5 a5 53. Rf5+ Kg8 54. Rg5 a4 55. Ne6 Rd7 56. f5 a3 57. f6 a2 58. Nxg7 Rd5+ 59. Rxd5 Bxd5 60. Nf5 a1=Q 61. Ne7+ Kf7 62. Nxd5 Qa5+ 63. Kd6 b5 64. Nc7 Qb6+ 0-1


[Site "https://www.chess.com"]

[Event "Titled Tuesday Blitz August 22 Late 2023"]
[White "Rustemov, Alexander"]
[Black "Trifan, Andrei Ioan"]
[WhiteFideId "4119002"]
[BlackFideId "12967068"]
[WhiteElo "2866"]
[BlackElo "2558"]
[Result "1-0"]
[Round "3"]
[TimeControl "180+1"]
[Date "2023.08.22"]
[WhiteClock "0:00:16"]
[BlackClock "0:00:09"]
[Board "37"]

1. d4 Nf6 2. c4 e6 3. Nf3 b6 4. a3 Bb7 5. Nc3 Be7 6. Bg5 O-O 7. e3 d5 8. Rc1 Nbd7 9. cxd5 exd5 10. Bd3 c5 11. O-O Ne4 12. Bxe7 Qxe7 13. dxc5 Ndxc5 14. Be2 Rfd8 15. Nd4 h6 16. Bf3 Rac8 17. Rc2 Nxc3 18. Rxc3 Ne4 19. Rxc8 Rxc8 20. Be2 a6 21. Bd3 Nd6 22. Qd2 Nc4 23. Qe2 b5 24. Rc1 Nd6 25. Rxc8+ Bxc8 26. Qc2 Bb7 27. Qc5 Qd7 28. b3 Ne4 29. Bxe4 dxe4 30. h3 Bd5 31. b4 Kh7 32. Qb6 Bb7 33. Kh2 Qc8 34. g4 Bd5 35. Qd6 Bc4 36. Qf4 f6 37. Qf5+ Qxf5 38. gxf5 Kg8 39. Kg3 Kf7 40. Kf4 Bd3 41. Nc6 Ke8 42. Nb8 a5 43. bxa5 Kd8 44. Nc6+ Kc7 45. Nb4 Kb7 46. h4 Bb1 47. Kg3 Bd3 48. Kf4 Bb1 49. Kg4 Bd3 50. Kh5 Bc4 51. Kg6 1-0


[Site "https://www.chess.com"]

[Event "Titled Tuesday Blitz August 22 Late 2023"]
[White "Bartel, Mateusz"]
[Black "Ballester Llagaria, Luis Eduardo"]
[WhiteFideId "1112635"]
[BlackFideId "2297620"]
[WhiteElo "2863"]
[BlackElo "2541"]
[Result "0-1"]
[Round "3"]
[TimeControl "180+1"]
[Date "2023.08.22"]
[WhiteClock "0:00:03"]
[BlackClock "0:00:24"]
[Board "38"]

1. e4 c5 2. Nf3 e6 3. g3 Nc6 4. Bg2 Nf6 5. d3 d5 6. Nbd2 Be7 7. O-O b5 8. Re1 O-O 9. h4 a5 10. e5 Nd7 11. h5 h6 12. Nf1 b4 13. N1h2 Re8 14. Bf4 a4 15. Qd2 Bf8 16. g4 Nd4 17. Nxd4 cxd4 18. g5 Ba6 19. gxh6 gxh6 20. Bxh6 Kh7 21. Bxf8 Rxf8 22. Qf4 f5 23. Nf3 Rg8 24. Nxd4 Rg4 25. Qxg4 fxg4 26. Nxe6 Qh4 27. Re3 Rc8 28. Bxd5 Rxc2 29. Rg3 Nxe5 30. Be4+ Kh8 31. Nd4 Rxb2 32. Rc1 b3 33. axb3 a3 34. Kg2 a2 35. Nf5 Qg5 36. Ra1 Qf4 0-1


[Site "https://www.chess.com"]

[Event "Titled Tuesday Blitz August 22 Late 2023"]
[White "Kaplan, Avi Harrison"]
[Black "Durarbayli, Vasif"]
[WhiteFideId "30934559"]
[BlackFideId "13402935"]
[WhiteElo "2527"]
[BlackElo "2860"]
[Result "0-1"]
[Round "3"]
[TimeControl "180+1"]
[Date "2023.08.22"]
[WhiteClock "0:00:04"]
[BlackClock "0:00:05"]
[Board "39"]

1. g3 c5 2. Bg2 Nc6 3. Nf3 g6 4. O-O Bg7 5. e4 Nf6 6. Re1 O-O 7. c3 d5 8. e5 Ne8 9. d4 Bg4 10. h3 Bxf3 11. Bxf3 Nc7 12. dxc5 Nxe5 13. Bg2 Nc6 14. Nd2 e5 15. c4 d4 16. Rb1 a5 17. a3 Na6 18. Ne4 Qe7 19. b4 axb4 20. axb4 Naxb4 21. Bd2 Na6 22. Nd6 Nxc5 23. Nxb7 Rac8 24. Bxc6 Rxc6 25. Nxc5 Qxc5 26. Bb4 Qxc4 27. Bxf8 Kxf8 28. Rb8+ Rc8 29. Qb1 Bf6 30. Rxc8+ Qxc8 31. Rc1 Qxh3 32. Qb8+ Kg7 33. Rc8 Qd7 34. Rg8+ Kh6 35. Qb1 d3 36. Qc1+ d2 37. Qd1 Bd8 38. Kg2 Kg5 39. f4+ exf4 40. gxf4+ Kf5 41. Qc2+ Kxf4 42. Qc4+ Kg5 43. Qc5+ f5 44. Qe3+ Kh5 45. Qh3+ Bh4 46. Qf3+ Kg5 47. Qe3+ Kh5 48. Qf3+ Kh6 49. Qe3+ g5 50. Re8 Qxe8 51. Qxe8 d1=Q 52. Qe6+ Kh5 53. Qe8+ Kg4 54. Qa4+ Qxa4 55. Kf1 Qc4+ 56. Kg1 Qc1+ 57. Kh2 Qd2+ 58. Kh1 Kg3 59. Kg1 Qd1# 0-1


[Site "https://www.chess.com"]

[Event "Titled Tuesday Blitz August 22 Late 2023"]
[White "Asadli, Vugar"]
[Black "Geivondian, Arman"]
[WhiteFideId "13405764"]
[BlackFideId "24102032"]
[WhiteElo "2850"]
[BlackElo "2519"]
[Result "1-0"]
[Round "3"]
[TimeControl "180+1"]
[Date "2023.08.22"]
[WhiteClock "0:00:53"]
[BlackClock "0:00:31"]
[Board "40"]

1. e4 c6 2. Nf3 d5 3. e5 Bg4 4. Be2 e6 5. O-O Nd7 6. d4 Bxf3 7. Bxf3 Ne7 8. c3 Qc7 9. Be2 g6 10. Nd2 h5 11. Nf3 Nf5 12. a4 Bg7 13. a5 O-O 14. Bd3 Ne7 15. b4 b6 16. Bg5 Nf5 17. Re1 Rfe8 18. h3 f6 19. exf6 Nxf6 20. Ne5 Kh7 21. g4 hxg4 22. hxg4 Ne7 23. Qf3 Ne4 24. Bxe4 dxe4 25. Qf7 Nd5 26. Qxg6+ Kg8 27. Kg2 Rf8 28. Rh1 Nf4+ 29. Bxf4 Rxf4 30. Qh7+ Kf8 31. Ng6+ Kf7 32. Qh5 Kg8 33. Rae1 bxa5 34. Qh7+ Kf7 35. Nxf4 Qxf4 36. Rxe4 Qd2 37. Qh5+ Kg8 38. Rxe6 Rf8 39. Qh7+ Kf7 40. Rhe1 Qg5 41. Re7+ Qxe7 42. Rxe7+ Kxe7 43. Qxg7+ Rf7 44. Qxf7+ Kxf7 45. bxa5 1-0


[Site "https://www.chess.com"]

[Event "Titled Tuesday Blitz August 22 Late 2023"]
[White "Kirillov, Dmitry"]
[Black "Pakleza, Zbigniew"]
[WhiteFideId "34180572"]
[BlackFideId "1119290"]
[WhiteElo "2476"]
[BlackElo "2839"]
[Result "0-1"]
[Round "3"]
[TimeControl "180+1"]
[Date "2023.08.22"]
[WhiteClock "0:00:06"]
[BlackClock "0:00:05"]
[Board "41"]

1. d4 d6 2. Nf3 Bg4 3. h3 Bh5 4. Bf4 Nc6 5. Bh2 Nf6 6. c3 Qd7 7. Nbd2 e6 8. e4 Be7 9. Bd3 O-O 10. O-O Bg6 11. Qe2 a6 12. a4 Rfd8 13. Rfd1 Rac8 14. b4 Nb8 15. a5 Qe8 16. Nc4 Nc6 17. Rac1 d5 18. exd5 exd5 19. Bxg6 hxg6 20. Nce5 Ne4 21. Nxc6 Qxc6 22. Ne5 Qe6 23. f3 Nd6 24. Re1 Bf6 25. Nd3 Qd7 26. Nc5 Qc6 27. Nd3 Nb5 28. Qd2 Re8 29. Be5 Bh4 30. g3 Be7 31. h4 b6 32. Kg2 f6 33. Bf4 Kf7 34. Rh1 Rh8 35. Rhe1 Rce8 36. Re3 Bd6 37. Bxd6 Nxd6 38. axb6 Nc4 39. Rxe8 Rxe8 40. Qf2 cxb6 41. Re1 a5 42. Rxe8 Qxe8 43. bxa5 bxa5 44. Nc5 Qe3 45. Qxe3 Nxe3+ 46. Kf2 Nd1+ 47. Ke2 Nxc3+ 48. Kd3 Nb5 49. Nb3 a4 50. Nc5 a3 51. Nb3 Ke7 52. Ke3 Ke6 53. Kd3 Kd6 54. Ke3 Kc6 55. Kd3 Kb6 56. Kc2 g5 57. Kb1 gxh4 58. gxh4 Nc3+ 59. Kc2 Ne2 60. Kb1 Ng1 61. Nd2 Kb5 62. Ka2 Kb4 63. Nb1 Nxf3 64. Nxa3 Nxd4 65. Nb1 Nf3 66. Nd2 Nxd2 0-1


[Site "https://www.chess.com"]

[Event "Titled Tuesday Blitz August 22 Late 2023"]
[White "Sanhueza, Cristian"]
[Black "Yanchenko, Roman"]
[WhiteFideId "116815"]
[BlackFideId "4137329"]
[WhiteElo "2474"]
[BlackElo "2835"]
[Result "1-0"]
[Round "3"]
[TimeControl "180+1"]
[Date "2023.08.22"]
[WhiteClock "0:00:14"]
[BlackClock "0:00:00"]
[Board "42"]

1. e4 e6 2. d4 d5 3. Nd2 c5 4. Ngf3 Nc6 5. exd5 exd5 6. Bb5 c4 7. O-O Bd6 8. Re1+ Ne7 9. c3 O-O 10. Ba4 Bf5 11. Nh4 Be6 12. Bc2 Ng6 13. Nf5 Bc7 14. Nf3 Qd7 15. Ng3 Rae8 16. Ng5 Bxg3 17. hxg3 Bf5 18. Rxe8 Rxe8 19. Be3 Nce7 20. a4 b6 21. a5 b5 22. a6 Bxc2 23. Qxc2 Nf5 24. Bd2 f6 25. Nf3 Nd6 26. b3 Qc6 27. bxc4 dxc4 28. Kf1 Re6 29. Be3 Ne7 30. d5 Nxd5 31. Bxa7 b4 32. Nd4 b3 33. Qb2 Qd7 34. Nxe6 Qxa7 35. Nd4 Nc7 36. Nc6 Qa8 37. Nb4 Ncb5 38. Rd1 Ne4 39. Rc1 Qd8 40. Qe2 Nbxc3 41. Qxc4+ Kh8 42. Qd3 Qb6 43. Qe3 Qb5+ 44. Kg1 Qxb4 45. a7 Qa3 46. Re1 b2 47. f3 1-0


[Site "https://www.chess.com"]

[Event "Titled Tuesday Blitz August 22 Late 2023"]
[White "Girel, Joseph"]
[Black "Olsson, William"]
[WhiteFideId "36033561"]
[BlackFideId "1741721"]
[WhiteElo "2823"]
[BlackElo "2468"]
[Result "1-0"]
[Round "3"]
[TimeControl "180+1"]
[Date "2023.08.22"]
[WhiteClock "0:00:45"]
[BlackClock "0:00:00"]
[Board "43"]

1. Nf3 d5 2. c4 c6 3. e3 Nf6 4. b3 Bg4 5. Bb2 Nbd7 6. Be2 e6 7. O-O Bd6 8. d4 O-O 9. Nc3 Qe7 10. h3 Bh5 11. Rc1 Rfd8 12. cxd5 exd5 13. Re1 h6 14. Qc2 Bg6 15. Bd3 Bxd3 16. Qxd3 Ne4 17. Nd2 Ndf6 18. f3 Ng3 19. e4 dxe4 20. fxe4 Be5 21. Nf3 Bf4 22. Rcd1 Nd7 23. e5 Nf8 24. d5 cxd5 25. Nxd5 Qc5+ 26. Kh2 Ne4+ 27. Nxf4 Rxd3 28. Nxd3 Qc6 29. Nb4 Qg6 30. Nd5 Qg3+ 31. Kg1 Nf2 32. Rd2 Nxh3+ 33. Kh1 Nf4 34. Ne7+ Kh8 35. Nf5 Qg4 36. Nd6 Qh5+ 37. Kg1 N8e6 38. Rc2 Kg8 39. Rec1 Qg4 40. Nh2 Qg3 41. Nf1 Qg6 42. Ne3 Nd3 43. Nef5 Qg5 44. Rf1 Nxb2 45. Rxb2 h5 46. Rbf2 Nf4 47. Rxf4 Rd8 48. R1f3 g6 49. Nxf7 Kxf7 50. Nd4+ Ke7 51. Rf7+ Ke8 52. Rf8+ Kd7 53. e6+ Kc7 54. Rc3+ Kb6 55. Nf3 1-0


[Site "https://www.chess.com"]

[Event "Titled Tuesday Blitz August 22 Late 2023"]
[White "Eggleston, Thomas A"]
[Black "Harshavardhan G B"]
[WhiteFideId "412139"]
[BlackFideId "25059009"]
[WhiteElo "2462"]
[BlackElo "2813"]
[Result "0-1"]
[Round "3"]
[TimeControl "180+1"]
[Date "2023.08.22"]
[WhiteClock "0:01:00"]
[BlackClock "0:01:03"]
[Board "44"]

1. e4 e5 2. f4 Bc5 3. Nf3 d6 4. c3 Nf6 5. d4 exd4 6. cxd4 Bb4+ 7. Bd2 Bxd2+ 8. Nbxd2 O-O 9. Bd3 c5 10. d5 b5 11. O-O c4 12. Bc2 Nbd7 13. a4 Ng4 14. axb5 Ne3 15. Qc1 Qb6 16. Kh1 Nxf1 17. Qxf1 Qxb5 18. Nxc4 Ba6 19. b3 Nc5 20. Ra5 Qxa5 21. Nxa5 Bxf1 22. h4 Bd3 23. Bxd3 Nxd3 24. g3 Nf2+ 0-1


[Site "https://www.chess.com"]

[Event "Titled Tuesday Blitz August 22 Late 2023"]
[White "Bauman_Guy"]
[Black "Buchenau, Frank"]
[BlackFideId "4604350"]
[WhiteElo "2809"]
[BlackElo "2459"]
[Result "1-0"]
[Round "3"]
[TimeControl "180+1"]
[Date "2023.08.22"]
[WhiteClock "0:00:10"]
[BlackClock "0:00:00"]
[Board "45"]

1. e4 e6 2. d4 d5 3. Nc3 Nf6 4. e5 Nfd7 5. Nce2 c5 6. c3 Nc6 7. Nf3 Be7 8. a3 O-O 9. Nf4 cxd4 10. cxd4 Qa5+ 11. Bd2 Qb6 12. Bc3 Qc7 13. Bd3 Nb6 14. h4 f6 15. Bxh7+ Kxh7 16. Ng5+ Kg8 17. Ngxe6 Bxe6 18. Nxe6 Qd7 19. Nxf8 Rxf8 20. O-O fxe5 21. dxe5 d4 22. Bb4 Bxb4 23. axb4 Nxe5 24. Rxa7 d3 25. Qb3+ Kh8 26. Ra5 Nbc4 27. Qc3 Nxa5 28. bxa5 Qd5 29. Re1 d2 30. Rd1 Rd8 31. b4 Qd4 32. Qxd4 Rxd4 33. Kf1 Nc4 34. Ke2 Rxh4 35. b5 Rd4 36. a6 bxa6 37. bxa6 Rd7 38. Ra1 Nb2 39. a7 Rxa7 40. Rh1+ Kg8 41. Kxd2 Nc4+ 42. Kd3 Ne5+ 43. Ke4 Ng6 44. Kf5 Nf8 45. f4 Rf7+ 46. Kg4 Ng6 47. g3 Ne7 48. Rb1 g6 49. Kg5 Kg7 50. Rb6 Nf5 51. Rxg6+ Kh7 52. g4 Ne7 53. Rh6+ Kg7 54. f5 Ng8 55. Rg6+ Kh7 56. Ra6 Rg7+ 57. Kh5 Rf7 58. Kg5 Kg7 59. Kf4 Nf6 60. g5 Nd5+ 61. Ke5 Ne3 62. Rg6+ Kh7 63. Rf6 Re7+ 64. Kd4 Nc2+ 65. Kc5 Rc7+ 66. Kd6 Rg7 67. Rh6+ Kg8 68. g6 Ne3 69. Ke6 Ng4 70. Rh4 Kf8 71. Rxg4 Re7+ 72. Kf6 Rf7+ 73. Kg5 Re7 74. Rh4 1-0


[Site "https://www.chess.com"]

[Event "Titled Tuesday Blitz August 22 Late 2023"]
[White "ProphetReborn"]
[Black "Titichoca Daza, Daniel"]
[BlackFideId "3309550"]
[WhiteElo "2804"]
[BlackElo "2436"]
[Result "1-0"]
[Round "3"]
[TimeControl "180+1"]
[Date "2023.08.22"]
[WhiteClock "0:01:23"]
[BlackClock "0:00:00"]
[Board "46"]

1. d4 Nf6 2. c4 e6 3. Nf3 d5 4. Nc3 dxc4 5. e4 b5 6. e5 Nd5 7. Nxb5 Nb6 8. Be2 Bb7 9. O-O Nc6 10. Qd2 h6 11. Nc3 g5 12. h3 Be7 13. Rd1 h5 14. Nxg5 h4 15. Nge4 Rg8 16. Bf3 Rb8 17. Nc5 Bxc5 18. dxc5 Nd7 19. Qf4 Qe7 20. Ne4 Ncxe5 21. Rxd7 Nxd7 22. Qxc7 Bxe4 23. Bxe4 Qxc5 24. Bc6 Ke7 25. Qxd7+ Kf6 26. Be3 Qe5 27. Bd4 1-0


[Site "https://www.chess.com"]

[Event "Titled Tuesday Blitz August 22 Late 2023"]
[White "Kula, Robert"]
[Black "Gorovets, Andrey"]
[WhiteFideId "1101218"]
[BlackFideId "13504037"]
[WhiteElo "2153"]
[BlackElo "2802"]
[Result "0-1"]
[Round "3"]
[TimeControl "180+1"]
[Date "2023.08.22"]
[WhiteClock "0:00:05"]
[BlackClock "0:00:07"]
[Board "47"]

1. d4 Nf6 2. c4 e6 3. Nf3 b6 4. Nc3 Bb4 5. e3 Ne4 6. Qc2 Bb7 7. Bd3 f5 8. O-O Bxc3 9. bxc3 O-O 10. a4 c5 11. a5 Rf6 12. axb6 axb6 13. Rxa8 Bxa8 14. Nd2 Rh6 15. Bxe4 fxe4 16. f4 exf3 17. Nxf3 Rf6 18. e4 h6 19. Be3 Nc6 20. dxc5 bxc5 21. Bxc5 Qc7 22. Be3 Ne5 23. Bd4 Nxf3+ 24. Rxf3 Rxf3 25. gxf3 e5 26. Qa2 Bc6 27. Bc5 Kh7 28. Bf2 Qd8 29. Kf1 Qf6 30. Ke2 d6 31. Qd2 Be8 32. Qe3 Bh5 33. Bg3 Qe6 34. Kd3 Bf7 35. Kd2 Qxc4 36. f4 Qa2+ 37. Ke1 exf4 38. Bxf4 d5 39. e5 Be6 40. Qd3+ Kg8 41. Be3 Qxh2 42. Bd4 Qh1+ 43. Kd2 Qg2+ 44. Kc1 Qg4 45. Qb5 h5 46. Qc6 h4 47. Qa8+ Kh7 48. Qa6 h3 49. Qd3+ Bf5 50. Qd2 Qe4 51. Bg1 Qb1# 0-1


[Site "https://www.chess.com"]

[Event "Titled Tuesday Blitz August 22 Late 2023"]
[White "Andrews, Todd"]
[Black "Vachier-Lagrave, Maxime"]
[WhiteFideId "2012456"]
[BlackFideId "623539"]
[WhiteElo "2374"]
[BlackElo "3124"]
[Result "0-1"]
[Round "3"]
[TimeControl "180+1"]
[Date "2023.08.22"]
[WhiteClock "0:00:00"]
[BlackClock "0:00:49"]
[Board "48"]

1. e4 e5 2. d4 exd4 3. Qxd4 Nc6 4. Qe3 Nf6 5. c4 Bb4+ 6. Bd2 Qe7 7. Nc3 O-O 8. f3 Bc5 9. Qg5 d6 10. O-O-O a5 11. h4 a4 12. h5 h6 13. Qg3 Kh8 14. a3 Nd4 15. Kb1 Nb3 16. Bf4 Bxg1 17. Rxg1 Nxh5 18. Qh2 Nxf4 19. Qxf4 Qe5 20. Qxe5 dxe5 21. Nd5 c6 22. Nb6 Ra7 23. Nxc8 Rxc8 24. Rd7 Kg8 25. g4 Nc5 26. Re7 f6 27. g5 hxg5 28. Bh3 Rd8 29. Bf5 Kf8 30. Rc7 Na6 31. Rc8 Rxc8 32. Bxc8 Nc5 33. Rh1 b6 34. Rh8+ Ke7 35. Bf5 Nb3 36. Rg8 Kd6 37. Rd8+ Kc5 38. Be6 Nd4 39. Bg8 Nxf3 40. Kc2 Nd4+ 41. Kc3 g4 42. Rc8 g3 43. Bd5 g2 44. b4+ axb3 45. Bxc6 Nxc6 0-1


[Site "https://www.chess.com"]

[Event "Titled Tuesday Blitz August 22 Late 2023"]
[White "Di Berardino, Diego Rafael"]
[Black "Dubov, Daniil"]
[WhiteFideId "2105446"]
[BlackFideId "24126055"]
[WhiteElo "2630"]
[BlackElo "3040"]
[Result "0-1"]
[Round "3"]
[TimeControl "180+1"]
[Date "2023.08.22"]
[WhiteClock "0:00:00"]
[BlackClock "0:00:27"]
[Board "49"]

1. e4 c5 2. Nf3 e6 3. d4 cxd4 4. Nxd4 a6 5. Nc3 b5 6. Bd3 Bb7 7. O-O Nc6 8. Nxc6 Bxc6 9. Re1 Bd6 10. e5 Bc7 11. Qh5 Ne7 12. Ne4 Qb8 13. Ng5 Ng6 14. Nxh7 Nxe5 15. Bg5 Rg8 16. Be4 Bxe4 17. Rxe4 Ng6 18. Rae1 Rh8 19. f4 Nf8 20. Nf6+ gxf6 21. Qxh8 fxg5 22. f5 Qb6+ 23. Kh1 O-O-O 24. Qf6 Qd6 25. g3 exf5 26. Qxf5 Ne6 27. Qxf7 Qc6 28. Qf3 Rh8 29. Qg2 Kb8 30. R4e2 Qd6 31. Qf3 Qxg3 0-1


[Site "https://www.chess.com"]